 Dungeon Sprint DCSS version 0.28-a0-1199-gef9e1dbd39 (webtiles) character file.

Game seed: 9893022401762058132

154 rocky1 the Slinger (level 5, -5/41 HPs)
             Began as a Gnoll Wanderer on Dec 19, 2021.
             Was an Initiate of Okawaru.
             Slain by an ogre (14 damage)
             ... in the Dungeon (Sprint VII: "The Pits").
             The game lasted 00:05:12 (577 turns).

rocky1 the Slinger (Gnoll Wanderer)                  Turns: 577, Time: 00:05:13

Health: -5/41      AC: 16    Str: 11    XL:     5   Next: 35%
Magic:  11/11      EV: 12    Int: 10    God:    Okawaru [......]
Gold:   0          SH:  0    Dex: 15    Spells: 12/13 levels left

rFire   . . .      SeeInvis .   b - +2 flail (protect)
rCold   . . .      Faith    .   (no shield)
rNeg    . . .      Spirit   .   q - +3 ring mail
rPois   .          Reflect  .   (no helmet)
rElec   .          Harm     .   (no cloak)
rCorr   .          Rampage  .   (no gloves)
Will    .....      NoTele   +   (no boots)
Stlth   ++........              (no amulet)
HPRegen 0.13/turn               (no ring)
MPRegen 0.12/turn               (no ring)

@: under a protective aura
A: fangs 1, strong nose, distributed training
a: Renounce Religion


You were in the Dungeon.
You worshipped Okawaru.
Okawaru was noncommittal.
You visited 1 branch

Inventory:

Hand Weapons
 a - a +2 hunting sling
 b - a +2 flail of protection (weapon)
 c - a +2 vorpal hand axe
 m - a +0 long sword of holy wrath
Missiles
 k - 10 stones (quivered)
 n - 15 sling bullets
Armour
 q - a +3 ring mail (worn)
Scrolls
 i - a scroll of blinking
 l - 5 scrolls of amnesia
Potions
 d - 6 potions of curing
 e - 6 potions of heal wounds
 f - a potion of haste
 g - 4 potions of magic
 h - 3 potions of berserk rage
 j - 2 potions of invisibility


   Skills:
 + Level 3.4 Fighting
 + Level 3.4 Short Blades
 + Level 3.4 Long Blades
 + Level 3.4 Axes
 + Level 3.4 Maces & Flails
 + Level 3.4 Polearms
 + Level 3.4 Staves
 + Level 11.0 Slings
 + Level 3.4 Bows
 + Level 3.4 Crossbows
 + Level 3.4 Throwing
 + Level 4.4 Armour
 + Level 4.4 Dodging
 + Level 4.2 Stealth
 + Level 3.4 Shields
 + Level 3.4 Unarmed Combat
 + Level 4.5 Spellcasting
 + Level 2.8 Conjurations
 + Level 2.8 Hexes
 + Level 2.8 Summonings
 + Level 2.8 Necromancy
 + Level 2.8 Translocations
 + Level 2.8 Transmutations
 + Level 2.8 Fire Magic
 + Level 2.8 Ice Magic
 + Level 2.8 Air Magic
 + Level 2.8 Earth Magic
 + Level 3.6 Poison Magic
 + Level 3.8 Invocations
 + Level 3.4 Evocations


You had 12 spell levels left.
You knew the following spells:

 Your Spells              Type           Power      Damage    Failure   Level
a - Sting                 Tmut/Pois      32%        1d4       14%         1

Your spell library contained the following spells:

 Spells                   Type           Power      Damage    Failure   Level
 Mephitic Cloud           Conj/Pois/Air  8%         N/A       41%         3


Dungeon Overview and Level Annotations

Branches:
Dungeon (1/1)

Altars:
Ashenzari
Cheibriados
Dithmenos
Elyvilon
Fedhas
Gozag
Hepliaklqana
Kikubaaqudgha
Makhleb
Nemelex Xobeh
Okawaru
Qazlal
Ru
Sif Muna
Trog
Uskayaw
Vehumet
Wu Jian
Xom
Yredelemnul
Zin
The Shining One
Beogh
Jiyva
Lugonu


Innate Abilities, Weirdness & Mutations

You have very sharp teeth.
Your uncanny sense of smell can sniff out nearby items.
Your experience applies equally to all skills.


Message History

The iguana bites you!
You sock the iguana! Your punch misses the iguana.
You bite the iguana, but do no damage.
The iguana is heavily wounded.
The iguana bites you but does no damage.
You closely miss the iguana.
The iguana is heavily wounded.
The iguana misses you.
You hit the iguana.
The iguana is almost dead.
The iguana closely misses you.
The iguana bites you but does no damage.
You closely miss the iguana.
The iguana is severely wounded.
The iguana barely misses you.
You barely miss the iguana.
The iguana is severely wounded.
The iguana bites you but does no damage.
Okay, then.
You hit the iguana.
You kill the iguana!
Okawaru accepts your kill.
Your Slings skill increases to level 11!
You hit the ogre.
The ogre is lightly wounded.
The ogre misses you.
You barely miss the ogre.
The ogre is lightly wounded.
The ogre hits you with a +0 giant spiked club!
You hit the ogre.
The ogre is moderately wounded.
The ogre closely misses you.
You thump the ogre!
The ogre is severely wounded.
The ogre hits you with a +0 giant spiked club!
* * * LOW HITPOINT WARNING * * *
You hit the ogre.
The ogre is severely wounded.
The ogre hits you with a +0 giant spiked club!
You die...

#.?..')))'.##.....
##########.##.....
#...........'.....
#'#####)#####.....
#.#...#.#..##.....
#.#...#†#))#####'#
#.#...†.#..##.....
#.##)####))##.....
#@#..†..#?.##.....
#O#.....#'###...<.
#.#........##.....
#.#........##.....
#'###########.....
#.....O.# ######
#..###..#
#.......# ∆∆
##.###O## ∆


You could see an ogre.

Vanquished Creatures
  A phantom (D)
  Jessica (D)
  An iguana (D)
  A gnoll (D)
  2 worms (D)
  2 giant cockroaches (D)
  3 jackals (D)
  A ball python (D)
  A ball python skeleton (D)
  A frilled lizard (D)
  A jackal zombie (D)
15 creatures vanquished.

Notes
Turn   | Place    | Note
-------+----------+-------------------------------------------
     0 | D        | Reached skill level 10 in Slings
     0 | D        | rocky1 the Gnoll Wanderer began the quest for the Orb.
     0 | D        | rocky1 set off with the following items: a +2 hunting
                  | sling, 18 sling bullets, a +0 scale mail, a potion of
                  | curing, a potion of heal wounds, a potion of haste, 2
                  | potions of magic, a potion of berserk rage, a scroll of
                  | blinking; and the following spell memorised: Sting; and the
                  | following spells available to memorise: Mephitic Cloud
     0 | D        | Reached XP level 1. HP: 13/13 MP: 4/4
    55 | D        | Found a bloodstained altar of Trog.
    55 | D        | Found a shimmering blue altar of Sif Muna.
    55 | D        | Found a viscous altar of Jiyva.
    55 | D        | Found a hazy altar of Hepliaklqana.
    55 | D        | Found an opulent altar of Gozag.
    56 | D        | Found a glowing golden altar of the Shining One.
    56 | D        | Found a glowing silver altar of Zin.
    56 | D        | Found a basalt altar of Yredelemnul.
    56 | D        | Found a shimmering altar of Xom.
    56 | D        | Found an ornate altar of the Wu Jian Council.
    56 | D        | Found a sacrificial altar of Ru.
    56 | D        | Found a stormy altar of Qazlal.
    56 | D        | Found an iron altar of Okawaru.
    56 | D        | Found a sparkling altar of Nemelex Xobeh.
    56 | D        | Found a burning altar of Makhleb.
    56 | D        | Found a blossoming altar of Fedhas.
    56 | D        | Found a white marble altar of Elyvilon.
    56 | D        | Found a shadowy altar of Dithmenos.
    56 | D        | Found a snail-covered altar of Cheibriados.
    58 | D        | Found a radiant altar of Vehumet.
    58 | D        | Found a corrupted altar of Lugonu.
    59 | D        | Found a hide-covered altar of Uskayaw.
    59 | D        | Found an ancient bone altar of Kikubaaqudgha.
    59 | D        | Found a broken altar of Ashenzari.
    88 | D        | Became a worshipper of Warmaster Okawaru
   111 | D        | Reached skill level 1 in Fighting
   111 | D        | Reached skill level 1 in Short Blades
   111 | D        | Reached skill level 1 in Long Blades
   111 | D        | Reached skill level 1 in Axes
   111 | D        | Reached skill level 1 in Maces & Flails
   111 | D        | Reached skill level 1 in Polearms
   111 | D        | Reached skill level 1 in Staves
   111 | D        | Reached skill level 1 in Bows
   111 | D        | Reached skill level 1 in Crossbows
   111 | D        | Reached skill level 1 in Throwing
   111 | D        | Reached skill level 1 in Shields
   111 | D        | Reached skill level 1 in Unarmed Combat
   111 | D        | Reached skill level 1 in Conjurations
   111 | D        | Reached skill level 1 in Hexes
   111 | D        | Reached skill level 1 in Summonings
   111 | D        | Reached skill level 1 in Necromancy
   111 | D        | Reached skill level 1 in Translocations
   111 | D        | Reached skill level 1 in Transmutations
   111 | D        | Reached skill level 1 in Fire Magic
   111 | D        | Reached skill level 1 in Ice Magic
   111 | D        | Reached skill level 1 in Air Magic
   111 | D        | Reached skill level 1 in Earth Magic
   111 | D        | Reached skill level 1 in Invocations
   111 | D        | Reached skill level 1 in Evocations
   111 | D        | Reached XP level 2. HP: 16/21 MP: 6/6
   198 | D        | Noticed Jessica
   209 | D        | Killed Jessica
   210 | D        | Reached XP level 3. HP: 12/27 MP: 8/8
   391 | D        | Noticed a phantom
   406 | D        | Killed a phantom
   407 | D        | Reached XP level 4. HP: 20/35 MP: 10/10
   407 | D        | Reached XP level 5. HP: 23/41 MP: 11/11
   544 | D        | Noticed an ogre
   573 | D        | Reached skill level 11 in Slings
   577 | D        | Slain by an ogre

Illustrated notes

Levels and vault maps discovered:
D:        pitsprint [storerooms_1, entrance_room_1, metal_vault_4, armoury_2,
          mini_pit_1, grid_room_1, main_hall_1, silver_pit, the_coven_2,
          the_vestibule_1, steel_vault_3, golden_pit, hallway_of_sentries,
          crystal_vault_2, iron_vault_2, final_vault]

Skill      XL: |  1  2  3  4  5 |
---------------+----------------+-----
Slings         | 11 | 11.0
Poison Magic   | 2 3 |  3.6
Fighting       | 1 2 3 |  3.4
Short Blades   | 1 2 3 |  3.4
Long Blades    | 1 2 3 |  3.4
Axes           | 1 2 3 |  3.4
Maces & Flails | 1 2 3 |  3.4
Polearms       | 1 2 3 |  3.4
Staves         | 1 2 3 |  3.4
Bows           | 1 2 3 |  3.4
Crossbows      | 1 2 3 |  3.4
Throwing       | 1 2 3 |  3.4
Shields        | 1 2 3 |  3.4
Unarmed Combat | 1 2 3 |  3.4
Spellcasting   | 3 4 |  4.5
Conjurations   | 1 2 |  2.8
Hexes          | 1 2 |  2.8
Summonings     | 1 2 |  2.8
Necromancy     | 1 2 |  2.8
Translocations | 1 2 |  2.8
Transmutations | 1 2 |  2.8
Fire Magic     | 1 2 |  2.8
Ice Magic      | 1 2 |  2.8
Air Magic      | 1 2 |  2.8
Earth Magic    | 1 2 |  2.8
Invocations    | 1 2 3 |  3.8
Evocations     | 1 2 3 |  3.4
Armour         | 3 4 |  4.4
Dodging        | 3 4 |  4.4
Stealth        | 3 4 |  4.2

Action                   |  1- 3 |  4- 6 || total
-------------------------+-------+-------++-------
Melee: Falchion          |    23 |       ||    23
       Bite              |     2 |     5 ||     7
       Punch             |     1 |     1 ||     2
       Long sword        |     8 |       ||     8
       Flail             |       |    20 ||    20
 Fire: Hunting sling     |    21 |       ||    21
Armor: Scale mail        |    19 |       ||    19
       Ring mail         |     1 |     3 ||     4
Dodge: Dodged            |    29 |    10 ||    39

Table legend: (Time is in decaauts)
 A = Elapsed time spent in this place.
 B = Non-inter-level travel time spent in this place.
 C = Inter-level travel time spent in this place.
 D = Time resting spent in this place.
 E = Time spent auto-exploring this place.
 F = Levels seen in this place.
 G = Mean time per level.
                   A        B        C        D        E       F      G
               +--------+--------+--------+--------+--------+-----+--------+
         Total |    579 |    579 |      0 |    207 |      0 |   1 |  579.0 |
       Dungeon |    579 |    579 |      0 |    207 |      0 |   1 |  579.0 |
               +--------+--------+--------+--------+--------+-----+--------+

Top non-repeatable levels by time:
       D: 579 daAuts
